 Dungeon Crawl Stone Soup version 0.25.1-2-g60ff931df9 (webtiles) character file.

Game seed: 10703070631259141175

303 solopath the Chiller (level 6, -3/41 HPs)
             Began as a Barachi Ice Elementalist on Nov 3, 2020.
             Slain by a two-headed ogre
             ... wielding a +0 giant club
              (7 damage)
             ... on level 4 of the Dungeon.
             The game lasted 00:08:09 (4276 turns).

solopath the Chiller (Barachi Ice Elementalist)     Turns: 4276, Time: 00:08:10

Health: -3/41      AC:  2    Str:  9    XL:     6   Next: 38%
Magic:  8/11       EV: 12    Int: 18    God:
Gold:   176        SH:  0    Dex: 12    Spells: 0/12 levels left

rFire    . . .     SeeInvis .   b - +0 dagger
rCold    . . .     Gourm    .   (no shield)
rNeg     . . .     Faith    .   a - +0 robe
rPois    .         Spirit   .   (no helmet)
rElec    .         Reflect  .   (no cloak)
rCorr    .         Harm     .   (no gloves)
MR       .....                  (no boots)
Stlth    ++........             (no amulet)
HPRegen  0.13/turn              (no ring)
MPRegen  0.12/turn              (no ring)

@: frozen ramparts, slow
A: +LOS, swims, slowness 1, strong legs 1
a: Hop


You were on level 4 of the Dungeon.
You were not hungry.

You visited 1 branch of the dungeon, and saw 4 of its levels.

You collected 176 gold pieces.

Inventory:

Hand Weapons
 b - a +0 dagger (weapon)
Armour
 a - a +0 robe (worn)
Scrolls
 e - 2 scrolls of amnesia {unknown}
 f - a scroll of noise {unknown}
 h - a scroll of fear {unknown}
 i - a scroll of enchant weapon {unknown}
 j - 4 scrolls of identify {unknown}
 l - 2 scrolls of fog {unknown}
 o - 4 scrolls of remove curse {unknown}
 s - a scroll of teleportation {unknown}
 t - a scroll of blinking {unknown}
 u - 2 scrolls of magic mapping {unknown}
Potions
 d - 2 potions of heal wounds
 g - a potion of lignification {unknown}
 m - a potion of magic {unknown}
 n - a potion of degeneration {unknown}
 p - a potion of haste {unknown}
 r - a potion of might {unknown}
 v - a potion of mutation {unknown}
Comestibles
 c - 5 rations
 q - a chunk of flesh


   Skills:
 - Level 2.1 Dodging
 + Level 3.4 Stealth
 + Level 3.7 Spellcasting
 + Level 0.8 Summonings
 * Level 7.2 Ice Magic


You couldn't memorise any spells.
You knew the following spells:

 Your Spells              Type           Power        Failure   Level  Hunger
a - Freeze                Ice            ####         1%          1    None
b - Frozen Ramparts       Ice            ####..       2%          3    ###....
c - Hailstorm             Conj/Ice       ###.....     34%         4    ####...
d - Summon Ice Beast      Ice/Summ       ###.....     28%         4    ####...

Your spell library contained the following spells:

 Spells                   Type           Power        Failure   Level  Hunger
 Summon Small Mammal      Summ           #...         11%         1    None
 Ozocubu's Armour         Chrm/Ice       ###.....     11%         3    ###....
 Animate Skeleton         Necr           N/A          16%         1    None
 Apportation              Tloc           #.....       16%         1    None
 Corona                   Hex            #......      16%         1    None


Dungeon Overview and Level Annotations

Branches:
Dungeon (4/15)
 Temple: D:4-7

Altars:
Kikubaaqudgha
Makhleb
Sif Muna


Innate Abilities, Weirdness & Mutations

You can be seen from farther away. (+LOS)
You can swim through water.
You cover ground slowly.
You can hop short distances.


Message History

The two-headed ogre shouts in stereo!
Casting: Freeze (safe; 1% risk of failure)
Confirm with . or Enter, or press ? or * to list all spells.
The walls around you are covered in ice.
The wall freezes the two-headed ogre.
The two-headed ogre hits you with a +0 giant club!!
Ouch! That really hurt!
The two-headed ogre hits you with a +0 giant spiked club!
* * * LOW HITPOINT WARNING * * *
Unknown command.
Casting: Frozen Ramparts (dangerous; 2% risk of failure)
Confirm with . or Enter, or press ? or * to list all spells.
Okay, then.
Okay, then.
It was a potion of curing.
You feel better.
The wall freezes the two-headed ogre!
The wall freezes the two-headed ogre.
The two-headed ogre hits you with a +0 giant club.
* * * LOW HITPOINT WARNING * * *
The two-headed ogre hits you with a +0 giant spiked club!
You die...

#.#.#.#.#.#.#.#.#.......#
.#.#.#.#.#.#.#####.###..#
###.#..#.#####. ### ##.#
#.#..#....#.. ###
###.#..######.###
..#.##># #.#.## #.....##
#..#.## #.....# #.###.# #
#.....# #..#@####.#
#.#.### #.###O#...#
#.#.###### #..#.#.#
.........# #.######
.........####.#
..............#
...........####
...........# ...........#


You could see a two-headed ogre.

Vanquished Creatures
  A howler monkey (D:4)
  A centaur skeleton (D:4)
  A hound (D:4)
  A bullfrog skeleton (D:4)
  An iguana (D:4)
  A hound skeleton (D:4)
  3 gnolls (D:3)
  5 adders
  An ooze (D:1)
  2 leopard geckos
  3 orcs (D:4)
  4 goblins (D:1)
  7 hobgoblins
  9 jackals
  3 quokkas
  6 bats
  2 frilled lizards
  3 kobolds
  8 rats
62 creatures vanquished.

Notes
Turn   | Place    | Note
-------+----------+-------------------------------------------
     0 | D:1      | solopath the Barachi Ice Elementalist began the quest for
                  | the Orb.
     0 | D:1      | Reached XP level 1. HP: 13/13 MP: 3/3
   119 | D:1      | Reached skill level 5 in Ice Magic
   486 | D:1      | Reached XP level 2. HP: 19/19 MP: 3/5
  1248 | D:1      | Reached XP level 3. HP: 22/24 MP: 6/6
  1253 | D:1      | Learned a level 3 spell: Frozen Ramparts
  1632 | D:2      | Found a burning altar of Makhleb.
  1882 | D:2      | Found a shimmering blue altar of Sif Muna.
  2262 | D:3      | Reached XP level 4. HP: 30/30 MP: 3/8
  2398 | D:3      | Reached skill level 6 in Ice Magic
  2482 | D:3      | Reached XP level 5. HP: 27/35 MP: 0/9
  3236 | D:4      | Reached XP level 6. HP: 25/41 MP: 4/11
  3245 | D:4      | Learned a level 4 spell: Hailstorm
  3250 | D:4      | Learned a level 4 spell: Summon Ice Beast
  3666 | D:4      | Reached skill level 7 in Ice Magic
  4009 | D:4      | Found an ancient bone altar of Kikubaaqudgha.
  4272 | D:4      | Noticed a two-headed ogre
  4276 | D:4      | Slain by a two-headed ogre

Illustrated notes

Levels and vault maps discovered:
D:1:      nzn_arrival_water_spiral, layout_basic
D:2:      layout_rooms, led_sif_pool, grunt_decor_arrowhead, bloody_makhleb
D:3:      layout_rooms
D:4:      layout_basic, kiku_gazebo_pond_becter, first_ration,
          minmay_small_thing

Skill      XL: |  1  2  3  4  5  6 |
---------------+-------------------+-----
Ice Magic      | 5 6 7 |  7.2
Stealth        | 2 3 |  3.4
Spellcasting   | 3 |  3.7
Dodging        | |  2.1
Summonings     | |  0.8

Action                   |  1- 3 |  4- 6 || total
-------------------------+-------+-------++-------
Melee: Dagger            |    60 |    51 ||   111
 Cast: Freeze            |    52 |    32 ||    84
       Frozen Ramparts   |       |    10 ||    10
 Abil: Hop               |     3 |     2 ||     5
  Use: Potion            |       |     3 ||     3
 Stab: Sleeping          |     5 |     2 ||     7
  Eat: Chunk             |     5 |     4 ||     9
       Ration            |       |     1 ||     1
Armor: Robe              |    21 |    10 ||    31
Dodge: Dodged            |    81 |    55 ||   136
